 Dungeon Crawl Stone Soup version 0.28.0 (webtiles) character file.

Game seed: 4398354017072068375

35 SnakkuSnakku7 the Skirmisher (level 3, -3/29 HPs)
             Began as a Barachi Abyssal Knight on Feb 5, 2022.
             Was a Follower of Lugonu.
             Slain by a gnoll (6 damage)
             ... on level 2 of the Dungeon.
             The game lasted 00:01:53 (1329 turns).

SnakkuSnakku7 the Skirmisher (BaAK)                 Turns: 1329, Time: 00:01:53

Health: -3/29      AC:  8    Str: 16    XL:     3   Next: 35%
Magic:  4/4        EV:  7    Int: 10    God:    Lugonu [*.....]
Gold:   102        SH:  0    Dex: 12    Spells: 2/2 levels left

rFire   . . .      SeeInvis .   a - +1 falchion
rCold   . . .      Faith    .   (no shield)
rNeg    . . .      Spirit   .   f - +0 chain mail
rPois   .          Reflect  .   (no helmet)
rElec   .          Harm     .   (no cloak)
rCorr   .          Rampage  .   (no gloves)
Will    .....                   (no boots)
Stlth   ..........              (no amulet)
HPRegen 0.09/turn               (no ring)
MPRegen 0.09/turn               (no ring)

@: slow
A: amphibious, slowness 1, strong legs 1, +LOS
a: Hop, Renounce Religion, Depart the Abyss


You were on level 2 of the Dungeon.
You worshipped Lugonu.
Lugonu was aware of your devotion.
You visited 1 branch of the dungeon, and saw 2 of its levels.
You visited the Abyss 1 time.

You collected 102 gold pieces.

Inventory:

Hand Weapons
 a - a +1 falchion (weapon)
Missiles
 d - a throwing net
Armour
 b - a +0 leather armour
 f - a +0 chain mail (worn)
Scrolls
 g - a scroll of identify {unknown}
 h - a scroll of fear {unknown}
 i - 2 scrolls of teleportation {unknown}
Potions
 c - a potion of brilliance {unknown}
 e - a potion of cancellation {unknown}
 j - a potion of resistance {unknown}
 k - a potion of might {unknown}
 l - a potion of haste {unknown}


   Skills:
 - Level 3.6 Fighting
 + Level 3.5 Long Blades
 - Level 2.4 Armour
 - Level 1.1 Dodging
 + Level 2.5 Invocations


You had 2 spell levels left.
You didn't know any spells.
Your spell library contained the following spells:

 Spells                   Type           Power      Damage    Failure   Level
 Ensorcelled Hibernation  Hex/Ice        0%         N/A       100%        2
 Spider Form              Tmut/Pois      0%         N/A       100%        3
 Anguish                  Hex/Necr       0%         N/A       100%        4


Dungeon Overview and Level Annotations

Branches:
Dungeon (2/15)

Altars:
Ashenzari


Innate Abilities, Weirdness & Mutations

You are amphibious.
You cover ground slowly.
You can hop short distances.
You have an extended range of vision and can be seen from far away.


Message History

You start resting.
HP restored.
You climb downwards.
There is a stone staircase leading up here.
The gnoll shouts!
You hear a shout!
A gnoll is nearby!
The gnoll hits you with a +0 halberd!
You barely miss the gnoll. The gnoll closely misses you.
You hit the gnoll.
The gnoll is lightly wounded.
The gnoll hits you with a +0 halberd.
You closely miss the gnoll.
The gnoll is lightly wounded.
The gnoll barely misses you.
You hit the gnoll.
The gnoll is heavily wounded.
The gnoll hits you but does no damage. The gnoll barely misses you.
You barely miss the gnoll.
The gnoll is heavily wounded.
The gnoll barely misses you.
You hit the gnoll but do no damage.
The gnoll is heavily wounded.
The gnoll hits you with a +0 halberd!
You are too injured to fight recklessly!
You are too injured to fight recklessly!
You hit the gnoll but do no damage.
The gnoll is heavily wounded.
The gnoll closely misses you.
You barely miss the gnoll.
The gnoll is heavily wounded.
The gnoll barely misses you.
You hit the gnoll.
The gnoll is heavily wounded.
The gnoll barely misses you.
You hit the gnoll but do no damage.
The gnoll is heavily wounded.
The gnoll hits you with a +0 halberd!
* * * LOW HITPOINT WARNING * * *
The gnoll hits you with a +0 halberd.
You die...

##........#
##...........###...
##........# ####..#.....#
#### ####.######
#..#.....# # ..##.##
#..#.##### ##
......###### ###....# #.
#..........######...#..##
#.
..................###...#
#. ................g##
#...# #.
................@# #...#
#. .................#
#...# #.
.......(.........# #####
#. .................# #.
.................# ##
#................#
#########........#
#........# ##########


You could see a gnoll.

Vanquished Creatures
  A gnoll (D:2)
  A worm (D:2)
  4 endoplasms
  3 hobgoblins
  3 kobolds
  2 quokkas (D:2)
  A ball python (D:2)
  4 bats
  2 frilled lizards (D:1)
  A rat (D:2)
22 creatures vanquished.

Notes
Turn   | Place    | Note
-------+----------+-------------------------------------------
     0 | Abyss:1  | SnakkuSnakku7 the Barachi Abyssal Knight began the quest
                  | for the Orb.
     0 | Abyss:1  | Reached XP level 1. HP: 18/18 MP: 2/2
     9 | D:1      | Escaped the Abyss
   324 | D:1      | Reached XP level 2. HP: 17/24 MP: 3/3
   830 | D:2      | Found a broken altar of Ashenzari.
   850 | D:2      | Reached * piety under Lugonu
   872 | D:2      | Found a faded altar of an unknown god.
   998 | D:2      | Reached XP level 3. HP: 25/29 MP: 4/4
  1329 | D:2      | Slain by a gnoll

Illustrated notes

Levels and vault maps discovered:
D:1:      tarquinn_simple_flora_water_b, layout_loops_ring
D:2:      layout_rooms, basic_ecumenical_altar, basic_altar

Skill      XL: |  1  2 |
---------------+-------+-----
Invocations    | 2 |  2.5
Long Blades    | 3 |  3.5
Fighting       | |  3.6
Armour         | |  2.4
Dodging        | |  1.1

Action                   || total
-------------------------++-------
Melee: Falchion          ||    68
Invok: Depart the Abyss  ||     1
 Abil: Hop               ||     1
Armor: Leather armour    ||     5
       Chain mail        ||    27
Dodge: Dodged            ||    35
